 Dungeon Crawl Stone Soup version 0.17.1-1-g73c8601 (webtiles) character file.

1358 Implojin the Grappler (level 8, -1/74 HPs)
             Began as a Troll Fighter on Apr 2, 2016.
             Slain by a killer bee (6 damage)
             ... on level 7 of the Dungeon.
             The game lasted 00:09:59 (1624 turns).

Implojin the Grappler (Troll Fighter)               Turns: 1624, Time: 00:09:59

Health: -1/74      AC:  5    Str: 32    XL:     8   Next: 37%
Magic:  7/7        EV:  3    Int:  4    God:
Gold:   127        SH: 10    Dex: 11    Spells: 0 memorised, 7 levels left

rFire  . . .     SeeInvis .       - Unarmed
rCold  . . .     Clarity  .     a - +0 robe
rNeg   . . .     SustAt   .     b - +1 shield
rPois  .         Gourm    +     (helmet restricted)
rElec  .         Spirit   .     (no cloak)
rCorr  .         Warding  .     (gloves unavailable)
rMut   .         Stasis   .     (boots unavailable)
MR     .....                    (no amulet)
Stlth  +.........               (no ring)
                                h - +2 ring of strength

@: mighty, very slightly contaminated, not resistant to hostile enchantments,
very unstealthy
A: unfitting armour, claws 3, fast metabolism 3, gourmand, regeneration 2,
shaggy fur 1, tough skin 2
a: no special abilities


You were on level 7 of the Dungeon.
You were not hungry.

You visited 1 branch of the dungeon, and saw 8 of its levels.
You also visited: Ossuary.

You collected 127 gold pieces.

Inventory:

Missiles
 i - 4 javelins (quivered)
Armour
 a - a +0 robe (worn)
 b - a +1 shield (worn)
 t - a cursed +0 robe
 x - a +0 robe of magic resistance
Jewellery
 h - a +2 ring of strength (left claw)
 s - a +3 ring of intelligence {unknown}
Scrolls
 e - a scroll of enchant armour
 n - 2 scrolls of teleportation
 o - a scroll of blinking
 r - a scroll of identify {unknown}
 u - 2 scrolls of recharging
 w - a scroll of amnesia {unknown}
Potions
 j - a potion of resistance {unknown}
 k - a potion of agility {unknown}
 l - 2 potions of cancellation {unknown}
 m - 2 potions of brilliance {unknown}
 p - 2 potions of poison {unknown}
 q - 2 potions of curing
 v - a potion of lignification {unknown}
Comestibles
 d - 2 bread rations
 f - 2 meat rations
 g - a beef jerky


   Skills:
 - Level 2.4 Fighting
 - Level 2.4 Dodging
 - Level 2.4 Shields
 * Level 10.4 Unarmed Combat


You had 7 spell levels left.
You didn't know any spells.

Dungeon Overview and Level Annotations

Branches:
Dungeon (8/15)
 Temple: D:4-7         Lair: D:8-11

Altars:

Shops:
D:5 *   D:6 *   D:7 }


Innate Abilities, Weirdness & Mutations

You are too large for most types of armour.
You have claws for hands.
Your metabolism is lightning-fast.
You like to eat raw meat.
You heal very quickly.
You are covered in fur (AC +1).
You have very tough skin (AC +2).


Message History

You open the door.
A killer bee comes into view.
The killer bee buzzes angrily.
You hear an angry buzzing noise.
You hear an angry buzzing noise. x3 2 killer bees come into view.
You closely miss the killer bee. You block the killer bee's attack.
You block the killer bee's attack. 2 killer bees come into view.
You miss the killer bee.
The killer bee buzzes angrily.
The killer bee barely misses you.
The killer bee moves out of view.
You block the killer bee's attack.
A killer bee comes into view.
You closely miss the killer bee. The killer bee stings you!
* * * LOW HITPOINT WARNING * * *
The killer bee stings you!
* * * LOW HITPOINT WARNING * * *
You are poisoned.
The killer bee poisons you!
You barely miss the killer bee.
You feel sick. The killer bee barely misses you. The killer bee stings you.
* * * LOW HITPOINT WARNING * * *
Unknown command.
Drink which item? (? for menu, Esc to quit)
It was a potion of curing.
You feel better. You block the killer bee's attack. The killer bee stings you!
* * * LOW HITPOINT WARNING * * *
Read which item? (? for menu, Esc to quit)
Blink to where?
Press: ? - help, Dir - move target cursor You are very lightly contaminated with residual magic.
As you read the scroll of blinking, it crumbles to dust.
There is a stone staircase leading up here.
Unknown command.
The killer bee stings you!
* * * LOW HITPOINT WARNING * * *
The killer bee stings you!
* * * LOW HITPOINT WARNING * * *
The killer bee stings you.
You die...

........#...........#
........#....)......#
).##....#...........#
..##....#..>........#
..##'#####..........#
.........#..........#
..##.....#..........#
..##.....#.......[..#
..'......#......@...#
..#......#.....[yy..#
##########..........#
...........#+###y...#
...........#...#.y..#
...........#...#y...#
...........'...#....#
...........#...#y...#
...........#...#....#


You could see 6 killer bees.

Vanquished Creatures
  Menkaure (D:5)
  An ice beast (D:7)
  A necrophage (D:7)
  An elf zombie (Ossuary)
  A giant frog (D:7)
  A gnoll sergeant (D:5)
  2 killer bees (D:7)
  2 scorpions
  5 wights
  A crimson imp (D:7)
  A jelly (D:7)
  A human zombie (Ossuary)
  2 hounds
  2 iguanas
  A centaur zombie (D:7)
  An orc wizard (D:3)
  3 worker ants
  A big kobold zombie (Ossuary)
  2 mummies (Ossuary)
  3 gnolls (D:5)
  An adder (D:5)
  An adder zombie (D:7)
  A worm (D:3)
  An adder skeleton (D:7)
  4 orcs
  A ball python (D:4)
  A hobgoblin (D:2)
  A bat (D:3)
  A giant gecko skeleton (D:7)
  2 giant newts
  A goblin (D:2)
  3 goblin zombies (Ossuary)
  6 hobgoblin zombies (Ossuary)
  4 jackals (D:5)
  2 jackal zombies (Ossuary)
  2 kobolds (D:2)
  10 kobold zombies (Ossuary)
  10 orc zombies (Ossuary)
  A quokka (D:7)
  2 rats
  3 rat zombies (Ossuary)
91 creatures vanquished.

Notes
Turn   | Place    | Note
--------------------------------------------------------------
     0 | D:1      | Implojin the Troll Fighter began the quest for the Orb.
     0 | D:1      | Reached XP level 1. HP: 22/22 MP: 0/0
    82 | D:3      | Noticed an orc wizard
    98 | D:3      | Killed an orc wizard
    98 | D:3      | Reached skill level 3 in Unarmed Combat
    98 | D:3      | Reached XP level 2. HP: 19/29 MP: 1/1
    98 | D:3      | Reached XP level 3. HP: 23/36 MP: 2/2
   152 | D:4      | Reached skill level 4 in Unarmed Combat
   158 | D:4      | Noticed a scorpion
   165 | D:4      | Killed a scorpion
   165 | D:4      | Reached XP level 4. HP: 37/44 MP: 3/3
   291 | D:4      | Reached skill level 5 in Unarmed Combat
   291 | D:4      | Reached XP level 5. HP: 45/50 MP: 4/4
   324 | D:4      | Noticed a phantom
   356 | D:4      | Found a sand-covered staircase.
   360 | Ossuary  | Entered an ossuary
   442 | Ossuary  | Reached skill level 6 in Unarmed Combat
   458 | Ossuary  | Reached XP level 6. HP: 29/59 MP: 5/5
   634 | D:5      | Entered Level 5 of the Dungeon
   634 | D:5      | Noticed Menkaure
   642 | D:5      | Killed Menkaure
   642 | D:5      | Reached skill level 7 in Unarmed Combat
   751 | D:5      | Found Zuuvyigg's Assorted Antiques.
   829 | D:5      | Reached XP level 7. HP: 50/66 MP: 6/6
   850 | D:5      | Reached skill level 8 in Unarmed Combat
   971 | D:7      | Found Voniq's Gadget Shop.
  1155 | D:6      | Found Gediapho's Goods Gallery.
  1268 | D:7      | Reached skill level 9 in Unarmed Combat
  1466 | D:7      | Reached XP level 8. HP: 74/74 MP: 7/7
  1494 | D:7      | Reached skill level 10 in Unarmed Combat
  1624 | D:7      | Slain by a killer bee

Action                   |  1- 3 |  4- 6 |  7- 9 || total
-------------------------+-------+-------+-------++-------
Melee: Unarmed           |    40 |   141 |    96 ||   277
  Use: Scroll            |       |       |     8 ||     8
       Potion            |       |       |     2 ||     2
 Stab: Sleeping          |     1 |       |       ||     1
  Eat: Chunk             |     5 |     7 |     3 ||    15

Table legend:
 A = Turns spent in this place as a percentage of turns spent in the entire game.
 B = Non-inter-level travel turns spent in this place as a percentage of non-inter-level travel turns spent in the entire game.
 C = Inter-level travel turns spent in this place as a percentage of turns spent in this place.
 D = Turns resting spent in this place as a percentage of non-inter-level travel turns spent in this place.
 E = Turns spent auto-exploring this place as a percentage of non-inter-level travel turns spent in this place.
 F = Non-inter-level travel turns spent in this place divided by the number of levels of this place that you've seen.
                   A       B       C       D       E      F
               +-------+-------+-------+-------+-------+----------------------
         Total | 100.0 | 100.0 |   0.0 |   0.0 |   0.0 | 176.8
       Dungeon |  85.7 |  85.7 |   0.0 |   0.0 |   0.0 | 170.4
       Ossuary |  14.3 |  14.3 |   0.0 |   0.0 |   0.0 | 228.0
               +-------+-------+-------+-------+-------+----------------------

Table legend:
 A = Kills in this place as a percentage of kills in entire the game.
 B = Kills by you in this place as a percentage of kills by you in the entire game.
 C = Kills by friends in this place as a percentage of kills by friends in the entire game.
 D = Other kills in this place as a percentage of other kills in the entire game.
 E = Experience gained in this place as a percentage of experience gained in the entire game.
 F = Experience gained in this place divided by the number of levels of this place that you have seen.
                   A       B       C       D       E      F
               +-------+-------+-------+-------+-------+----------------------
         Total | 100.0 | 100.0 |  -nan |  -nan | 100.0 | 215.7
       Dungeon |  57.1 |  57.1 |  -nan |  -nan |  88.0 | 213.5
       Ossuary |  42.9 |  42.9 |  -nan |  -nan |  12.0 | 233.0
               +-------+-------+-------+-------+-------+----------------------
